 Dungeon Crawl Stone Soup version 0.30-a0-726-gd89dcf765f (webtiles) character file.

Game seed: 7351433592175752260

24311 kae the Earth Mage (level 13, -4/68 HPs)
             Began as a Gargoyle Earth Elementalist on Jan 29, 2023.
             Was a High Priest of Vehumet.
             Killed from afar by an oklob plant (20 damage)
             ... with a splash of acid
             ... on level 4 of the Lair of Beasts.
             The game lasted 00:20:33 (15839 turns).

kae the Earth Mage (Gargoyle Earth Elementalist)   Turns: 15839, Time: 00:20:34

Health: -4/68      AC: 19    Str: 14    XL:     13   Next: 12%
Magic:  25/27      EV: 11    Int: 22    God:    Vehumet [*****.]
Gold:   825        SH:  0    Dex: 10    Spells: 13/32 levels left

rFire   . . .      SeeInvis +    G - staff of earth {!a}
rCold   . . .      Faith    .    (no shield)
rNeg    + + .      Spirit   .    Y - +1 robe of Vines {NoPotionHeal Regen++++}
rPois   ∞          Reflect  .    (no helmet)
rElec   +          Harm     .    P - +3 cloak "Ungas" {rPois rN+ Str+3}
rCorr   .          Rampage  .    J - +1 pair of gloves
Will    .....                    K - +0 pair of boots
Stlth   ++                       t - amulet of magic regeneration
HPRegen 3.51/turn                v - ring of see invisible
MPRegen 0.60/turn                O - +4 ring of protection

@: corroded
A: sickness immunity, AC +9, negative energy resistance 1, electricity
resistance, torment resistance 1, petrification resistance
a: Renounce Religion


You were on level 4 of the Lair of Beasts.
You worshipped Vehumet.
Vehumet was extremely pleased with you.
You visited 3 branches of the dungeon, and saw 14 of its levels.
You also visited: Bailey.

You collected 1293 gold pieces.
You spent 468 gold pieces at shops.


Innate Abilities, Weirdness & Mutations

You are immune to sickness and miasma.
Your stone body is resilient. (AC +9)
You are immune to poison.
You resist negative energy. (rN+)
You are resistant to electric shocks. (rElec)
You are resistant to unholy torment.
You are immune to petrification.


   Skills:
 * Level 3.0 Fighting
 - Level 1.5 Dodging
 - Level 2.1 Stealth
 + Level 10.2 Spellcasting
 + Level 11.7 Conjurations
 - Level 0.7 Transmutations
 * Level 18.2 Earth Magic


You had 13 spell levels left.
You knew the following spells:

 Your Spells              Type           Power      Damage    Failure   Level
a - Sandblast             Erth           100%       2d20      0%          1
b - Passwall              Tmut/Erth      56%        N/A       1%          2
c - Stone Arrow           Conj/Erth      100%       3d13      1%          3
d - Petrify               Tmut/Erth      68%        N/A       1%          4
e - Leda's Liquefaction   Hex/Erth       33%        N/A       1%          4
f - Lee's Rapid Deconstr  Erth           47%        3d23*     1%          5

Your spell library contained the following spells:

 Spells                   Type           Power      Damage    Failure   Level
 Irradiate                Conj/Tmut      19%        3d18      3%          5
 Freeze                   Ice            44%        1d6       1%          1
 Momentum Strike          Conj/Tloc      74%        3d10      1%          2
 Hailstorm                Conj/Ice       37%        3d9       1%          3
 Frozen Ramparts          Ice            22%        1d4       5%          3
 Blink                    Tloc           22%        N/A       9%          2
 Ensorcelled Hibernation  Hex/Ice        22%        N/A       9%          2
 Lesser Beckoning         Tloc           22%        N/A       9%          2
 Swiftness                Air            11%        N/A       19%         3
 Statue Form              Tmut/Erth      Unusable   N/A       N/A         6

Inventory:

Hand Weapons
 z - a +2 vampiric whip
   (You took it off an orc on level 5 of the Dungeon)
Missiles
 g - 5 boomerangs
 h - 65 stones
 r - 2 throwing nets {=f!f}
 A - 5 silver javelins
 H - 6 poisoned darts
 S - 11 javelins
Armour
 a - a +1 robe
 J - a +1 pair of gloves (worn)
   (You found it on level 8 of the Dungeon)
 K - a +0 pair of boots (worn)
   (You found it on level 8 of the Dungeon)
 P - the +3 cloak "Ungas" (worn) {rPois rN+ Str+3}
   (You found it on level 8 of the Dungeon)

   Str:       It affects your strength (+3).
   rPois:     It protects you from poison.
   rN:        It protects you from negative energy.
 U - a +0 robe of the Archmagi
   (You took it off Erica on level 2 of the Lair of Beasts)
 Y - the +1 robe of Vines (worn) {NoPotionHeal Regen++++}
   (You found it on level 4 of the Lair of Beasts)

   NoPotionHeal: Its wearer cannot be healed by potions.
   Regen:     It increases your rate of health regeneration.
Magical Staves
 b - a staff of conjuration {!a}
   (You found it on level 6 of the Dungeon)
 o - a staff of fire {!a}
   (You found it on level 3 of the Dungeon)
 s - a staff of air {!a}
   (You found it on level 4 of the Dungeon)
 w - a staff of cold {!a}
   (You found it on level 9 of the Dungeon)
 G - a staff of earth (weapon) {!a}
   (You found it in a bailey)
 Q - a staff of conjuration {!a}
   (You found it on level 9 of the Dungeon)
Jewellery
 j - an amulet of reflection
   (You found it on level 2 of the Dungeon)
 n - a ring of positive energy
   (You took it off a gnoll bouda in a bailey)
 q - the ring of Ampetu {rN+ Will+ Str-2 Slay+2}
   (You took it off a gnoll sergeant in a bailey)

   [ring of willpower]

   Str:       It affects your strength (-2).
   Slay:      It affects your accuracy & damage with ranged weapons and melee
   (+2).
   rN:        It protects you from negative energy.
   Will:      It increases your willpower.
 t - an amulet of magic regeneration (around neck)
   (You found it on level 1 of the Lair of Beasts)
 v - a ring of see invisible (left hand)
   (You found it on level 3 of the Dungeon)
 D - a ring of positive energy
   (You found it on level 7 of the Dungeon)
 F - a ring of fire
   (You found it on level 4 of the Lair of Beasts)
 N - a ring of positive energy
   (You found it on level 6 of the Dungeon)
 O - a +4 ring of protection (right hand)
   (You found it on level 5 of the Dungeon)
 R - a ring of resist corrosion
   (You found it on level 1 of the Dungeon)
Wands
 c - a wand of mindburst (8)
   (You found it on level 4 of the Lair of Beasts)
 y - a wand of flame (48)
   (You found it on level 5 of the Dungeon)
 E - a wand of paralysis (26)
   (You found it on level 6 of the Dungeon)
 L - a wand of polymorph (28)
   (You found it on level 8 of the Dungeon)
 M - a wand of light (8)
   (You found it on level 8 of the Dungeon)
Scrolls
 d - 4 scrolls of magic mapping {!r}
 i - a scroll of butterflies
 l - 9 scrolls of teleportation {@r4}
 p - a scroll of poison
 B - 2 scrolls of fog
 V - a scroll of fear
 X - a scroll of blinking {!r}
 Z - a scroll of identify {@r1}
Potions
 e - a potion of attraction {!q}
 f - 7 potions of might
 k - 7 potions of curing {unknown}
 m - a potion of flight
 u - 2 potions of resistance
 x - 3 potions of mutation {!q}
 C - 2 potions of invisibility
 I - 5 potions of heal wounds {@q2}
 T - 2 potions of haste {@q3}
 W - a potion of brilliance

Dungeon Overview and Level Annotations

Branches:
Dungeon (9/15) Zot: 25118  Temple (1/1) D:4 Zot: 5683    Lair (4/5) D:8 Zot: 19945
 Shoals (0/4) Lair:2        Snake (0/4) Lair:3        Slime (0/5) Lair:4
 Bailey (visited)
    Orc: D:9-12

Altars:
Ashenzari
Cheibriados
Dithmenos
Elyvilon
Fedhas
Gozag
Hepliaklqana
Kikubaaqudgha
Makhleb
Nemelex Xobeh
Okawaru
Qazlal
Ru
Sif Muna
Trog
Vehumet
Wu Jian
Xom
Zin
The Shining One
Jiyva

Shops:
D:5 :   D:8 (

Annotations:
D:9 4 runed translucent doors, Absynth's ghost, novice DrCj
Lair:2 3 runed translucent doors, baljet's ghost, journeyman MiFi
Lair:4 exclusion: 2 oklob plants

#...........#
......P.P..##
#..P...>....#
##....!._....#
#..........?# #..........#
##......# ...#.#......##
.......@....##
................##
#...................#
.#.........P.........###
.##..........P...........#
.........................#
.P....................##.#
......................#.##
#....................####


You could see 2 oklob plants.


Message History

You are no longer corroded.
Really walk into a travel-excluded area?
Casting: Stone Arrow (safe; 1% risk of failure)
Confirm with . or Enter, or press ? or * to list all spells.
Aiming: Stone Arrow (safe; 1% risk of failure)
Press: ? - help, Shift-Dir - straight line, f - oklob plant
Aim: an oklob plant (unaware, hasn't noticed you, 100% to hit)
You feel a surge of power!
The stone arrow hits the oklob plant!! 😎 MP[-2]
You lost 2 mp, and now have 25/27 mp.
Casting: Stone Arrow (safe; 1% risk of failure)
Confirm with . or Enter, or press ? or * to list all spells.
Aiming: Stone Arrow (safe; 1% risk of failure)
Press: ? - help, Shift-Dir - straight line, f/p - oklob plant
Aim: an oklob plant (moderately damaged, 100% to hit)
You feel a surge of power!
The stone arrow hits the oklob plant! 😎 MP[-3]
You lost 3 mp, and now have 22/27 mp.
Casting: Stone Arrow (safe; 1% risk of failure)
Confirm with . or Enter, or press ? or * to list all spells.
Aiming: Stone Arrow (safe; 1% risk of failure)
Press: ? - help, Shift-Dir - straight line, f/p - oklob plant
Aim: an oklob plant (heavily damaged, 100% to hit)
You feel a surge of power!
The stone arrow hits the oklob plant!! 😎 MP[-2]
You lost 2 mp, and now have 20/27 mp.
Casting: Stone Arrow (safe; 1% risk of failure)
Confirm with . or Enter, or press ? or * to list all spells.
Aiming: Stone Arrow (safe; 1% risk of failure)
Press: ? - help, Shift-Dir - straight line, f/p - oklob plant
Aim: an oklob plant (almost destroyed, 100% to hit)
You feel a surge of power!
The stone arrow hits the oklob plant!!
You destroy the oklob plant!
Vehumet accepts your kill.
You feel your power returning. The oklob plant spits acid at you.
The splash of acid misses you.
Your Fighting skill increases to level 3! 😎 MP[+2]
You regained 2 mp, and now have 22/27 mp.
Casting: Stone Arrow (safe; 1% risk of failure)
Confirm with . or Enter, or press ? or * to list all spells.
You can't see any susceptible monsters within range! (Use Z to cast anyway.)
There are monsters nearby! 😎 MP[+1]
You start resting. 😎 MP[+4]
Your mp is fully restored (27).
Really walk into a travel-excluded area?
The oklob plant spits acid at you. The splash of acid hits you!! 😮 HP[-25]
You take 25 damage, and now have 43/68 hp.
MASSIVE DAMAGE!! (PAUSE) 😮 HP[+4]
You regained 4 hp, and now have 47/68 hp.
You start resting. 😕 HP[+10]
You regained 10 hp, and now have 57/68 hp.
You start resting. 😎 HP[+11]
Your hp is fully restored (68).
Really walk into a travel-excluded area?
The oklob plant spits acid at you. The splash of acid misses you.
The oklob plant spits acid at you. The splash of acid hits you!!
The oklob plant spits acid at you.
The splash of acid misses you. 😮 HP[-21]
You take 21 damage, and now have 47/68 hp.
MASSIVE DAMAGE!! (PAUSE)
The oklob plant spits acid at you. The splash of acid hits you!!
* * * LOW HITPOINT WARNING * * *
The oklob plant spits acid at you. The splash of acid hits you.
* * * LOW HITPOINT WARNING * * *
Casting: Stone Arrow (safe; 1% risk of failure)
Confirm with . or Enter, or press ? or * to list all spells.
Aiming: Stone Arrow (safe; 1% risk of failure)
Press: ? - help, Shift-Dir - straight line, f - oklob plant
Aim: an oklob plant (100% to hit)
You feel a surge of power!
The stone arrow hits the oklob plant!!
The oklob plant spits acid at you. The splash of acid hits you!!
* * * LOW HITPOINT WARNING * * *
The acid corrodes you! 😱 HP[-36] MP[-3]
You take 36 damage, and now have 11/68 hp.
MASSIVE DAMAGE!! (PAUSE)
You lost 3 mp, and now have 24/27 mp.
The oklob plant spits acid at you. The splash of acid hits you.
* * * LOW HITPOINT WARNING * * *
😱 HP[+1] MP[+1] Unknown command.
The oklob plant spits acid at you. The splash of acid hits you!!
You die...

Skill      XL: |  1  2  3  4  5  6  7  8  9 10 11 12 13 |
---------------+----------------------------------------+-----
Earth Magic    | 4 5 6 7 8 10 12 14 16 18 | 18.2
Conjurations   | 1 2 3 4 5 7 8 10 11 | 11.7
Spellcasting   | 3 4 5 6 7 9 10 | 10.2
Fighting       | 1 3 |  3.0
Dodging        | |  1.5
Stealth        | |  2.1
Transmutations | |  0.7

Action                     |  1- 3 |  4- 6 |  7- 9 | 10-12 | 13-15 || total
---------------------------+-------+-------+-------+-------+-------++-------
  Melee: Unarmed           |    18 |       |       |       |       ||    18
         Hand axe          |     1 |     7 |       |       |       ||     8
         Whip              |       |       |    14 |    16 |       ||    30
         Punch             |       |       |     1 |     1 |       ||     2
   Cast: Sandblast         |    52 |    86 |   178 |   285 |    12 ||   613
         Stone Arrow       |       |       |     9 |   165 |     9 ||   183
         Passwall          |       |       |       |     2 |       ||     2
         Petrify           |       |       |       |     1 |       ||     1
  Evoke: Wand              |       |       |     1 |       |       ||     1
    Use: Scroll            |     8 |     5 |     4 |    11 |       ||    28
         Potion            |       |       |     5 |     1 |       ||     6
 Armour: Robe              |    15 |    19 |    29 |   180 |     4 ||   247
         Skin              |       |       |       |    13 |       ||    13
  Dodge: Dodged            |    22 |    37 |    69 |   174 |     6 ||   308
  Block: Other             |       |     8 |    29 |    38 |       ||    75
         Reflection        |       |       |     3 |     2 |       ||     5

Levels and vault maps discovered:
D:1:      lemuel_arrival_tunnels, layout_loops_cross, chequers_decorated_corner
D:2:      layout_rooms
D:3:      layout_rooms, serial_co_window_serial, co_window_corner_a,
          co_window_paths_a, co_window_cross_1, co_window_paths_b,
          co_window_paths_a, co_window_paths_a, co_window_of_opportunity_a,
          co_window_broadway_a, co_window_corner_b, co_window_of_opportunity_c,
          co_window_corner_b, co_window_unsneaky_path_d, co_window_4corner_a,
          co_window_paths_d, glass_columns_a, glass_columns_c, glass_columns_b,
          glass_columns_a, uniq_jessica
D:4:      layout_cave_pools, elyvilon_altar_3, minmay_temple_entry_overgrown
D:5:      old_forge, layout_loops_ring, serial_shops, shop_fountains
D:6:      kennysheep_windowed_halls, layout_basic, zin_scriptorium,
          nemelex_altar_shiori, chequers_arboretum, uniq_edmund
D:7:      layout_basic, regret_index_temple_of_mockery,
          nicolae_ru_the_path_less_chosen, enter_bailey_2,
          kennysheep_decorative_pillar
D:8:      layout_cave_pools, kennysheep_mini, grunt_lair_entry_orc_guard_hut,
          serial_gnoll_camp, gnoll_camp_medium_01, gnoll_camp_huts_moat,
          gnoll_camp_mini_shop, gnoll_camp_mini_hut, gnoll_camp_mini_doghouse,
          gnoll_camp_mini_hut, hellmonk_guarded_unrand_night, uniq_maurice
D:9:      layout_loops_ring, tgw_kikubaaqudgha, biasface_ghost_orc_armoury,
          minivault_19, wad_hexagon
Temple:   hc_temple_tempest_star
Lair:1:   layout_chaotic_city, uniq_gastronok, uniq_urug
Lair:2:   layout_cave_pods, minmay_shoals_entry_centaurs,
          gammafunk_ghost_hydra_chop, uniq_erica
Lair:3:   layout_regular_city, minmay_snake_entry_six_corridors,
          infiniplex_staircase_pool_2
Lair:4:   layout_cave_pods, minmay_slime_entry_oklob_open, minivault_27,
          grunt_megastairs_2

Notes
Turn   | Place    | Note
-------+----------+-------------------------------------------
     0 | D:1      | kae the Gargoyle Earth Elementalist began the quest for the
                  | Orb.
     0 | D:1      | Reached XP level 1. HP: 10/10 MP: 3/3
     0 | D:1      | magus.rc [v1.11.3]
   142 | D:1      | Reached skill level 4 in Earth Magic
   163 | D:1      | Reached XP level 2. HP: 13/15 MP: 1/5
   536 | D:1      | Reached XP level 3. HP: 19/19 MP: 0/6
   539 | D:1      | Learned a level 2 spell: Passwall
   543 | D:1      | Learned a level 3 spell: Stone Arrow
  1143 | D:2      | Reached skill level 5 in Earth Magic
  1237 | D:2      | Reached XP level 4. HP: 24/24 MP: 4/7
  1251 | D:2      | Reached skill level 1 in Conjurations
  1619 | D:3      | Noticed Jessica
  1623 | D:3      | Killed Jessica
  1685 | D:3      | Reached XP level 5. HP: 28/28 MP: 6/9
  1991 | D:3      | Reached skill level 3 in Spellcasting
  1997 | D:3      | Reached skill level 2 in Conjurations
  2090 | D:3      | Reached skill level 6 in Earth Magic
  2655 | D:4      | Reached XP level 6. HP: 31/32 MP: 5/10
  2826 | D:4      | Found a staircase to the Ecumenical Temple.
  2838 | Temple   | Entered the Ecumenical Temple
  3133 | Temple   | Became a worshipper of Vehumet
  3244 | D:4      | You pick up a book of Spatial Translocations and begin
                  | reading...
  3244 | D:4      | You add the spells Blink, Momentum Strike and Lesser
                  | Beckoning to your library.
  3430 | D:4      | Found a white marble altar of Elyvilon.
  3560 | D:4      | You pick up a book of Burglary and begin reading...
  3560 | D:4      | You add the spells Ensorcelled Hibernation and Swiftness to
                  | your library.
  3630 | D:5      | Entered Level 5 of the Dungeon
  3776 | D:5      | Reached skill level 3 in Conjurations
  3776 | D:5      | Reached skill level 7 in Earth Magic
  3901 | D:5      | Reached XP level 7. HP: 29/36 MP: 8/12
  4062 | D:5      | Reached * piety under Vehumet
  4062 | D:5      | Offered knowledge of Foxfire by Vehumet.
  4063 | D:5      | Reached skill level 4 in Spellcasting
  4133 | D:5      | Reached skill level 8 in Earth Magic
  4158 | D:5      | Reached skill level 4 in Conjurations
  4246 | D:5      | Reached XP level 8. HP: 41/41 MP: 10/14
  4369 | D:5      | Found Isme Rus's Book Shoppe.
  4615 | D:6      | Found a sparkling altar of Nemelex Xobeh.
  4670 | D:6      | Reached skill level 9 in Earth Magic
  4935 | D:6      | Reached skill level 5 in Conjurations
  4982 | D:6      | Reached skill level 5 in Spellcasting
  5101 | D:6      | Noticed Edmund
  5145 | D:6      | HP: 9/41 [Edmund/+2 flail of protection (11)]
  5147 | D:6      | HP: 3/41 [Edmund/+2 flail of protection (7)]
  5150 | D:6      | Killed Edmund
  5151 | D:6      | Reached skill level 10 in Earth Magic
  5357 | D:6      | Reached XP level 9. HP: 45/45 MP: 13/17
  5362 | D:6      | Learned a level 4 spell: Petrify
  5554 | D:6      | Found a glowing silver altar of Zin.
  5674 | D:6      | You fall into a shaft and drop 2 floors!
  5731 | D:7      | Found a shimmering altar of Xom.
  5732 | D:7      | Found a hazy altar of Hepliaklqana.
  5733 | D:7      | Noticed a spectral ugly thing
  5768 | D:7      | Reached skill level 6 in Conjurations
  5768 | D:7      | Found a flagged portal.
  5774 | Bailey   | Entered a bailey
  5868 | Bailey   | Reached skill level 11 in Earth Magic
  5907 | Bailey   | Identified a +0 crystal plate armour
  5935 | Bailey   | HP: 8/45 [gnoll sergeant/+0 halberd (13)]
  6001 | Bailey   | Reached skill level 6 in Spellcasting
  6067 | Bailey   | Offered knowledge of Freeze by Vehumet.
  6104 | Bailey   | HP: 3/45 [gnoll sergeant/+0 glaive (15)]
  6107 | Bailey   | Reached ** piety under Vehumet
  6222 | Bailey   | Identified the ring of Ampetu {rN+ Will+ Str-2 Slay+2}
  6350 | Bailey   | Reached skill level 7 in Conjurations
  6420 | Bailey   | Reached skill level 12 in Earth Magic
  6459 | Bailey   | Reached XP level 10. HP: 49/50 MP: 13/19
  7292 | D:6      | Offered knowledge of Dazzling Flash by Vehumet.
  7389 | D:6      | Reached skill level 7 in Spellcasting
  7432 | D:6      | Noticed an unseen horror
  7436 | D:6      | Reached skill level 13 in Earth Magic
  7438 | D:6      | Killed an unseen horror
  7439 | D:6      | Reached skill level 8 in Conjurations
  7651 | D:7      | You pick up a book of Frost and begin reading...
  7651 | D:7      | You add the spells Freeze, Frozen Ramparts and Hailstorm to
                  | your library.
  8066 | D:7      | Found a sacrificial altar of Ru.
  8222 | D:8      | Reached *** piety under Vehumet
  8226 | D:8      | Found a staircase to the Lair.
  8477 | D:8      | Identified the +3 cloak "Ungas" {rPois rN+ Str+3}
  8541 | D:8      | Noticed Maurice
  8736 | D:8      | Offered knowledge of Flame Wave by Vehumet.
  8762 | D:8      | Reached skill level 14 in Earth Magic
  8859 | D:8      | Killed Maurice
  8860 | D:8      | Reached XP level 11. HP: 49/54 MP: 10/22
  9232 | D:8      | Reached **** piety under Vehumet
  9240 | D:8      | Reached skill level 9 in Conjurations
  9279 | D:8      | Reached skill level 8 in Spellcasting
  9333 | D:8      | Found a blossoming altar of Fedhas.
  9423 | D:8      | Found Hoygousch's Weapon Shoppe.
  9459 | D:8      | Offered knowledge of Arcjolt by Vehumet.
  9761 | D:8      | Reached skill level 15 in Earth Magic
  9778 | D:8      | Found the +5 robe of Night {Dark Will+ SInv}
 10407 | D:9      | Reached ***** piety under Vehumet
 10606 | D:9      | Found an ancient bone altar of Kikubaaqudgha.
 10654 | D:9      | Found a runed translucent door.
 10657 | D:9      | Offered knowledge of Irradiate by Vehumet.
 10677 | D:9      | Noticed a centaur warrior
 10720 | D:9      | Noticed a two-headed ogre
 10835 | D:9      | Killed a two-headed ogre
 11137 | D:9      | Noticed Absynth's ghost (novice DrCj)
 11139 | D:9      | Found a runed translucent gate.
 11139 | D:9      | Found a runed translucent gate.
 11139 | D:9      | Found a runed translucent gate.
 11139 | D:9      | Identified the +6 plate armour of Itheyb {rElec}
 11442 | D:9      | Noticed an orc knight
 11509 | D:9      | Found the +3 Mad Mage's Maulers {Infuse+∞ VampMP -Cast}
 11687 | Lair:1   | Entered Level 1 of the Lair of Beasts
 11769 | D:5      | Bought a book of the Earth for 468 gold pieces
 11769 | D:5      | You pick up a book of the Earth and begin reading...
 11769 | D:5      | You add the spells Leda's Liquefaction and Lee's Rapid
                  | Deconstruction to your library.
 11774 | D:5      | Learned a level 4 spell: Leda's Liquefaction
 11780 | D:5      | Learned a level 5 spell: Lee's Rapid Deconstruction
 12124 | Lair:1   | Reached skill level 10 in Conjurations
 12220 | Lair:1   | Noticed Gastronok
 12369 | Lair:1   | Noticed Urug
 12383 | Lair:1   | Reached skill level 16 in Earth Magic
 12388 | Lair:1   | Killed Urug
 12389 | Lair:1   | Reached skill level 9 in Spellcasting
 12389 | Lair:1   | Reached XP level 12. HP: 23/59 MP: 4/25
 12482 | Lair:1   | a +2 double sword {rare}; a +0 ring mail; a water moccasin
                  | corpse
 12790 | Lair:1   | Killed Gastronok
 13196 | Lair:2   | Found a staircase to the Shoals.
 13393 | Lair:2   | Identified a +0 robe of the Archmagi
 13393 | Lair:2   | Noticed Erica
 13398 | Lair:2   | Killed Erica
 13661 | Lair:2   | Found a runed translucent gate.
 13662 | Lair:2   | Found a runed translucent gate.
 13663 | Lair:2   | Found a runed translucent gate.
 13663 | Lair:2   | Noticed baljet's ghost (journeyman MiFi)
 13663 | Lair:2   | Noticed a ten-headed hydra
 13666 | Lair:2   | Noticed an 11-headed hydra
 14149 | Lair:3   | HP: 12/59 [wolf (4)]
 14150 | Lair:3   | Reached skill level 17 in Earth Magic
 14595 | Lair:3   | Reached skill level 11 in Conjurations
 14807 | Lair:3   | Found a staircase to the Snake Pit.
 15415 | Lair:4   | Found the +1 robe of Vines {NoPotionHeal Regen++++}
 15421 | Lair:4   | Reached skill level 10 in Spellcasting
 15690 | Lair:4   | Reached skill level 1 in Fighting
 15690 | Lair:4   | Reached skill level 18 in Earth Magic
 15693 | Lair:4   | Reached XP level 13. HP: 65/65 MP: 18/27
 15702 | Lair:4   | Reached skill level 2 in Fighting
 15757 | Lair:4   | Found a viscous altar of Jiyva.
 15758 | Lair:4   | Found a staircase to the Slime Pits.
 15819 | Lair:4   | Reached skill level 3 in Fighting
 15837 | Lair:4   | HP: 11/68 [oklob plant/splash of acid (20)]
 15839 | Lair:4   | Killed from afar by an oklob plant

Vanquished Creatures
  Gastronok (Lair:1)
  Erica (Lair:2)
  A two-headed ogre (D:9)
  Urug (Lair:1)
  2 oklob plants (Lair:4)
  6 black mambas
  Maurice (D:8)
  3 cane toads
  3 komodo dragons
  2 unseen horrors
  3 rime drakes
  A troll (D:6)
  A hornet (D:8)
  6 dream sheep (D:8)
  11 blink frogs
  3 shadows
  A basilisk (Lair:2)
  A wraith (D:9)
  7 yaks
  3 wyverns
  A steam dragon (Lair:3)
  Edmund (D:6)
  18 water moccasins
  4 orc warriors
  2 ice beasts
  2 sky beasts (D:6)
  4 black bears
  4 ogres (D:6)
  14 wolves
  6 centaurs
  2 kobold brigands
  11 bullfrogs
  2 necrophages
  10 gnoll sergeants
  9 scorpions
  8 wights
  8 killer bees
  An electric eel (D:8)
  4 howler monkeys
  4 jellies
  An orc priest (D:9)
  10 gnoll boudas
  9 hounds
  Jessica (D:3)
  2 iguanas
  9 orc wizards
  40 gnolls
  12 adders
  A shadow imp (D:7)
  3 white imps
  An ufetubus (D:6)
  2 worms (D:3)
  3 dart slugs
  33 orcs
  7 ball pythons
  5 endoplasms
  2 giant cockroaches (D:1)
  6 goblins
  7 hobgoblins
  17 jackals
  6 kobolds
  8 quokkas
  7 bats
  8 rats
373 creatures vanquished.

Vanquished Creatures (others)
  A human (D:9)
  9 fungi
  7 plants
17 creatures vanquished.

Grand Total: 390 creatures vanquished

Table legend:
 A = Non-vault XP
 B = Vault XP
 C = Vault XP percentage of total XP
 D = Non-vault monster count
 E = Vault monster count
 F = Vault count percentage of total count
                 A         B        C        D         E       F
            +---------+---------+-------+---------+---------+-------
      Total |   19007 |   15723 |  45.3 |     237 |     136 |  36.5
            +---------+---------+-------+---------+---------+-------
        D:1 |      58 |       0 |   0.0 |      33 |       0 |   0.0
        D:2 |      64 |       0 |   0.0 |      17 |       0 |   0.0
        D:3 |     121 |      37 |  23.4 |      20 |       1 |   4.8
        D:4 |     187 |       0 |   0.0 |      17 |       0 |   0.0
        D:5 |     711 |     261 |  26.9 |      21 |       3 |  12.5
        D:6 |    1032 |    2064 |  66.7 |      14 |      21 |  60.0
        D:7 |     791 |       0 |   0.0 |      17 |       0 |   0.0
        D:8 |    1474 |    4154 |  73.8 |      18 |      56 |  75.7
        D:9 |    2556 |     147 |   5.4 |      29 |       2 |   6.5
     Lair:1 |    2555 |    2289 |  47.3 |      11 |       2 |  15.4
     Lair:2 |    1338 |    1178 |  46.8 |       6 |       4 |  40.0
     Lair:3 |    4477 |    1967 |  30.5 |      23 |       9 |  28.1
     Lair:4 |    3643 |    1791 |  33.0 |      11 |       5 |  31.2
     Bailey |       0 |    1835 | 100.0 |       0 |      33 | 100.0
            +---------+---------+-------+---------+---------+-------

Illustrated notes

Table legend:
 A = Kills in this place as a percentage of kills in entire the game.
 B = Kills by you in this place as a percentage of kills by you in the entire game.
 C = Kills by friends in this place as a percentage of kills by friends in the entire game.
 D = Other kills in this place as a percentage of other kills in the entire game.
 E = Experience gained in this place as a percentage of experience gained in the entire game.
 F = Experience gained in this place divided by the number of levels of this place that you have seen.
                   A       B       C       D       E      F
               +-------+-------+-------+-------+-------+----------------------
         Total | 100.0 | 100.0 |   N/A |   N/A | 100.0 | 2315.3
       Dungeon |  72.1 |  72.1 |   N/A |   N/A |  39.3 | 1517.4
          Lair |  19.0 |  19.0 |   N/A |   N/A |  55.4 | 4809.5
        Bailey |   8.8 |   8.8 |   N/A |   N/A |   5.3 | 1835.0
               +-------+-------+-------+-------+-------+----------------------

Table legend: (Time is in decaauts)
 A = Elapsed time spent in this place.
 B = Non-inter-level travel time spent in this place.
 C = Inter-level travel time spent in this place.
 D = Time resting spent in this place.
 E = Time spent auto-exploring this place.
 F = Levels seen in this place.
 G = Mean time per level.
                   A        B        C        D        E       F      G
               +--------+--------+--------+--------+--------+-----+--------+
         Total |  16176 |  15424 |    752 |   2047 |  10783 |  15 | 1078.4 |
       Dungeon |  10673 |  10104 |    569 |   1358 |   6996 |   9 | 1185.9 |
        Temple |    316 |    259 |     57 |      0 |    247 |   1 |  316.0 |
          Lair |   4054 |   3929 |    125 |    155 |   3288 |   4 | 1013.5 |
        Bailey |   1132 |   1132 |      0 |    534 |    252 |   1 | 1132.0 |
               +--------+--------+--------+--------+--------+-----+--------+

Top non-repeatable levels by time:
     D:8: 1957 daAuts
     D:6: 1870 daAuts
     D:9: 1664 daAuts
  Lair:3: 1264 daAuts
  Lair:1: 1196 daAuts
  Bailey: 1132 daAuts
     D:3: 1131 daAuts
  Lair:2: 1073 daAuts
     D:1: 985 daAuts
     D:5: 962 daAuts
     D:7: 837 daAuts
     D:2: 643 daAuts
     D:4: 622 daAuts
  Lair:4: 519 daAuts
  Temple: 316 daAuts
